 Dungeon Crawl Stone Soup version 0.28-b1-1-g3c77fb2ed1 (webtiles) character file.

Game seed: 1085733320694442175

3940 Kaptain the Digger (level 10, -1/65 HPs)
             Began as an Octopode Earth Elementalist on Jan 27, 2022.
             Hit by a large rock thrown by a cyclops (48 damage)
             ... on level 7 of the Dungeon.
             The game lasted 00:29:09 (9138 turns).

Kaptain the Digger (Octopode Earth Elementalist)    Turns: 9138, Time: 00:29:09

Health: -1/65      AC:  2    Str:  7    XL:     10   Next: 21%
Magic:  17/19      EV: 14    Int: 22    God:
Gold:   470        SH:  0    Dex: 13    Spells: 13/21 levels left

rFire   . . .      SeeInvis .   e - +1 dagger (venom)
rCold   . . .      Faith    .   (no shield)
rNeg    . . .      Spirit   .   k - +1 hat
rPois   .          Reflect  .   (no amulet)
rElec   .          Harm     .   g - ring of resist corrosion
rCorr   +          Rampage  .   (no ring)
Will    .....                   (no ring)
Stlth   +++++.....              (no ring)
HPRegen 0.20/turn               (no ring)
MPRegen 0.16/turn               (no ring)
                                (no ring)
                                (no ring)

@: no status effects
A: almost no armour, amphibious, 8 rings, camouflage 1, gelatinous body 1,
nimble swimmer 1, tentacles
a: no special abilities


You were on level 7 of the Dungeon.
You visited 2 branches of the dungeon, and saw 8 of its levels.

You collected 470 gold pieces.

Inventory:

Hand Weapons
 b - a +1 dagger of speed
 c - a +0 short sword
 e - a +1 dagger of venom (weapon)
 p - a +0 halberd
 z - a +0 trident
 A - a +0 hand axe of freezing
Missiles
 n - 2 throwing nets
 q - 5 javelins
 s - 92 stones
Armour
 k - a +1 hat (worn)
 r - a +0 kite shield
Jewellery
 g - a ring of resist corrosion (left tentacle)
 E - an amulet of faith
Wands
 h - a wand of flame (25)
Scrolls
 f - 3 scrolls of teleportation
 i - a scroll of torment {unknown}
 j - a scroll of fog {unknown}
 o - a scroll of enchant weapon {unknown}
 u - a scroll of immolation {unknown}
 v - a scroll of noise {unknown}
 x - a scroll of blinking
 y - 2 scrolls of acquirement {unknown}
 C - a scroll of amnesia {unknown}
 D - a scroll of magic mapping {unknown}
Potions
 a - 2 potions of haste
 d - a potion of flight
 l - a potion of lignification
 m - 2 potions of berserk rage
 t - a potion of might
 w - a potion of brilliance {unknown}
 B - a potion of heal wounds {unknown}


   Skills:
 + Level 4.3 Fighting
 + Level 5.0 Dodging
 + Level 7.2 Stealth
 + Level 3.7 Shields
 * Level 6.4 Spellcasting
 * Level 6.0 Conjurations
 - Level 1.0 Transmutations
 * Level 7.3 Earth Magic


You had 13 spell levels left.
You knew the following spells:

 Your Spells              Type           Power      Damage    Failure   Level
a - Sandblast             Erth           78%        2d17      1%          1
b - Stone Arrow           Conj/Erth      72%        3d11      1%          3
c - Petrify               Tmut/Erth      25%        N/A       16%         4

Your spell library contained the following spells:

 Spells                   Type           Power      Damage    Failure   Level
 Passwall                 Tmut/Erth      20%        N/A       2%          2
 Wereblood                Tmut           11%        N/A       9%          2
 Corpse Rot               Necr/Air       14%        N/A       13%         2
 Poisonous Vapours        Pois/Air       14%        N/A       13%         2
 Sublimation of Blood     Necr           7%         N/A       13%         2
 Summon Hydra             Summ           3%         N/A       100%        7


Dungeon Overview and Level Annotations

Branches:
Dungeon (7/15)             Temple (1/1) D:4

Altars:
Cheibriados
Dithmenos
Fedhas
Gozag
Hepliaklqana
Kikubaaqudgha
Makhleb
Nemelex Xobeh
Okawaru
Ru
Sif Muna
Trog
Uskayaw
Vehumet
Xom
Yredelemnul
Zin
The Shining One
Beogh

Annotations:
D:7 Joseph


Innate Abilities, Weirdness & Mutations

You cannot wear most types of armour.
You are amphibious.
You can wear up to eight rings at the same time.
Your skin changes colour to match your surroundings (Stealth+).
Your rubbery body absorbs attacks. (AC +1, EV +1)
You are camouflaged when in or above water. (Stealth+)
You have tentacles for arms and can constrict up to eight enemies at once.


Message History

Aim: a kobold brigand, wielding a +0 club and quivering poisoned darts (severely wounded, 77% to hit)
The blast of sand hits the kobold brigand!
You kill the kobold brigand!
You hear a splash. x3
Your Dodging skill increases to level 5!
You start resting.
Magic restored.
You now have 470 gold pieces (gained 11).
Things that are here:
a +0 club; 4 poisoned darts; a kobold corpse The orc wizard shouts!
This spell is dangerous to cast!
Memorise Petrify, consuming 4 spell levels and leaving 13?
You start memorising the spell.
You continue memorising. x4
You finish memorising.
Spell assigned to 'c'.
Things that are here:
a +0 club; 4 poisoned darts; a kobold corpse The cyclops shouts!
You hit the cyclops.
The cyclops is poisoned.
You squeeze the cyclops.
The cyclops is lightly wounded.
The cyclops barely misses you.
Unknown command.
Casting: Sandblast (safe; 1% risk of failure)
Confirm with . or Enter, or press ? or * to list all spells.
Aiming: Sandblast (safe; 1% risk of failure)
Press: ? - help, Shift-Dir - straight line, f - cyclops
Aim: a cyclops, quivering large rocks (lightly wounded, very poisoned, 98% to hit)
The blast of sand hits the cyclops but does no damage.
The cyclops is lightly wounded.
The cyclops hits you!!
Casting: Sandblast (safe; 1% risk of failure)
Confirm with . or Enter, or press ? or * to list all spells.
Aiming: Sandblast (safe; 1% risk of failure)
Press: ? - help, Shift-Dir - straight line, f/p - cyclops
Aim: a cyclops, quivering large rocks (lightly wounded, very poisoned, 98% to hit)
The blast of sand hits the cyclops but does no damage.
The cyclops is lightly wounded.
The cyclops throws a large rock.
The large rock hits you!!!
Ouch! That really hurt!
You die...

.# .. # .# .#
.##.##. .
############.......
.
#..................
.
#P...≈≈≈≈≈≈≈≈≈≈≈≈≈≈
≈
#....≈≈≈C≈≈≈≈≈≈≈≈≈≈
≈
#....≈@#####≈≈≈≈≈≈≈
≈
#....≈≈#.o.#.......
.
#...P≈≈#...########
# #....≈≈###'#
#....≈≈≈.#..
#....≈≈≈.#.#o .
#....≈≈≈.#o## #
#.P..≈≈≈.#
#....≈)≈.#


You could see a cyclops (very poisoned).

Vanquished Creatures
  A gargoyle (D:5)
  A warg (D:7)
  Menkaure (D:5)
  2 sky beasts
  An orc warrior (D:7)
  4 necrophages
  2 black bears
  7 ogres
  4 phantoms
  2 kobold brigands (D:7)
  2 water moccasin zombies (D:6)
  A scorpion (D:7)
  9 howler monkeys
  A centaur zombie (D:7)
  3 orc priests
  7 hounds
  A jelly (D:5)
  A bullfrog skeleton (D:5)
  A gnoll shaman (D:7)
  4 iguanas
  9 orc wizards
  2 hound skeletons
  11 adders
  3 gnolls (D:4)
  A white imp (D:5)
  An ufetubus (D:5)
  4 worms
  2 dart slugs (D:4)
  32 orcs
  7 endoplasms
  A giant cockroach (D:4)
  6 goblins
  9 hobgoblins
  4 quokkas
  5 ball pythons
  6 bats
  2 frilled lizards (D:1)
  7 kobolds
  9 rats
176 creatures vanquished.

Vanquished Creatures (others)
  3 plants (D:7)
3 creatures vanquished.

Grand Total: 179 creatures vanquished

Notes
Turn   | Place    | Note
-------+----------+-------------------------------------------
     0 | D:1      | Kaptain the Octopode Earth Elementalist began the quest for
                  | the Orb.
     0 | D:1      | Reached XP level 1. HP: 11/11 MP: 3/3
   119 | D:1      | Reached XP level 2. HP: 13/17 MP: 1/5
   588 | D:1      | Reached XP level 3. HP: 18/22 MP: 6/6
   643 | D:1      | Learned a level 3 spell: Stone Arrow
   693 | D:1      | Found a faded altar of an unknown god.
  1388 | D:2      | Reached skill level 1 in Fighting
  1388 | D:2      | Reached XP level 4. HP: 28/28 MP: 4/8
  2686 | D:3      | Reached XP level 5. HP: 33/33 MP: 5/9
  2747 | D:3      | Reached skill level 1 in Conjurations
  3099 | D:4      | Found a staircase to the Ecumenical Temple.
  3109 | Temple   | Entered the Ecumenical Temple
  3552 | D:4      | Reached XP level 6. HP: 38/38 MP: 6/10
  4383 | D:4      | Noticed a black bear
  4680 | D:4      | Killed a black bear
  4681 | D:4      | Reached XP level 7. HP: 45/45 MP: 2/12
  4913 | D:5      | Entered Level 5 of the Dungeon
  5049 | D:5      | Reached skill level 1 in Shields
  5152 | D:5      | Reached skill level 5 in Earth Magic
  5344 | D:5      | Noticed Menkaure
  5349 | D:5      | Killed Menkaure
  5350 | D:5      | Reached skill level 5 in Stealth
  5350 | D:5      | Reached XP level 8. HP: 51/51 MP: 6/14
  6052 | D:5      | Noticed a gargoyle
  6219 | D:5      | Killed a gargoyle
  6220 | D:5      | Reached skill level 5 in Spellcasting
  6220 | D:5      | Reached XP level 9. HP: 57/57 MP: 4/16
  7284 | D:6      | Identified the +0 leather armour "Utugg" {Int+5}
  7394 | D:6      | Reached skill level 5 in Conjurations
  7624 | D:7      | Noticed a cyclops
  7845 | D:7      | Noticed Joseph
  8256 | D:7      | Reached XP level 10. HP: 33/63 MP: 5/19
  9066 | D:7      | Reached skill level 5 in Dodging
  9121 | D:7      | Learned a level 4 spell: Petrify
  9138 | D:7      | Hit by a large rock thrown by a cyclops

Illustrated notes

Levels and vault maps discovered:
D:1:      eino_arrival_druids_welcome, layout_rooms,
          dilly_ecumenical_altar_fadedgnrine, nicolae_wormholes
D:2:      layout_basic, minmay_misc_feat_iff
D:3:      minmay_evil_eye, layout_basic, kennysheep_orc_chapel
D:4:      layout_loops_ring, minmay_temple_entry_arrows, minmay_cut_off
D:5:      layout_loops_cross, nzn_random_ring, uniq_menkaure
D:6:      layout_basic
D:7:      lemuel_castle_with_subvaults [lemuel_castle_interior_carwin_3],
          layout_loops_cross, mainiacjoe_overflow_big_doors, uniq_joseph
Temple:   mainiacjoe_temple_coin_purse

Skill      XL: |  1  2  3  4  5  6  7  8  9 10 |
---------------+-------------------------------+-----
Stealth        | 3 4 5 6 7 |  7.2
Fighting       | 1 2 3 4 |  4.3
Spellcasting   | 3 4 5 6 |  6.4
Earth Magic    | 4 5 6 7 |  7.3
Conjurations   | 1 2 3 4 5 6 |  6.0
Dodging        | 3 4 5 |  5.0
Shields        | 1 2 3 |  3.7
Transmutations | |  1.0

Action                   |  1- 3 |  4- 6 |  7- 9 | 10-12 || total
-------------------------+-------+-------+-------+-------++-------
Melee: Dagger            |    26 |    48 |    18 |    10 ||   102
       Constrict         |     8 |    15 |     2 |       ||    25
       Tentacles         |     5 |    12 |     6 |     3 ||    26
       Short sword       |     2 |       |       |       ||     2
 Cast: Sandblast         |    41 |    54 |    87 |    34 ||   216
       Stone Arrow       |       |     9 |    53 |     3 ||    65
  Use: Scroll            |     1 |     6 |     4 |       ||    11
       Potion            |       |     1 |       |       ||     1
 Stab: Sleeping          |     1 |     8 |     3 |     1 ||    13
Armor: Skin              |     7 |     3 |       |     1 ||    11
Dodge: Dodged            |    38 |    30 |    23 |     5 ||    96
